 Dungeon Crawl Stone Soup version 0.19.1-1-g22dce08 (webtiles) character file.

50738 galech the Bludgeoner (level 14, -1/177 HPs)
             Began as an Ogre Berserker on Jan 7, 2017.
             Was a High Priest of Trog.
             Killed from afar by an electric eel (6 damage)
             ... with a bolt of electricity
             ... on level 3 of the Lair of Beasts on Jan 8, 2017.
             The game lasted 01:02:36 (21983 turns).

galech the Bludgeoner (Ogre Berserker)             Turns: 21983, Time: 01:02:38

Health: -1/177     AC: 13    Str: 36    XL:     14   Next: 56%
Magic:  15/15      EV: 12    Int:  6    God:    Trog [*****.]
Gold:   1701       SH: 23    Dex:  9    Spells: 0 memorised, 13 levels left

rFire  + . .     SeeInvis +     A - +8 mace of Objectivity {crush, Str+7}
rCold  + . .     Gourm    .     V - +0 swamp dragon scales
rNeg   . . .     Faith    .     O - +2 large shield {rF+}
rPois  +         Spirit   .     (helmet restricted)
rElec  .         Reflect  .     P - +1 cloak
rCorr  .         Harm     .     (gloves unavailable)
MR     +++..     Rnd*Rage +     (boots unavailable)
Stlth  ++........               (no amulet)
                                z - ring of see invisible
                                f - ring of protection from cold

@: about to teleport, regenerating
A: unfitting armour, icy blue scales 1, rugged brown scales 1, berserk 1, blink,
deterioration 2, high mp 1, robust 1, tough skin 1
a: Blink, Berserk, Trog's Hand, Brothers in Arms, Burn Spellbooks, Renounce
Religion


You were on level 3 of the Lair of Beasts.
You worshipped Trog.
Trog was extremely pleased with you.
You were hungry.

You visited 4 branches of the dungeon, and saw 17 of its levels.
You also visited: Ice Cave and Volcano.

You collected 1701 gold pieces.

Inventory:

Hand Weapons
 a - the +10 demon whip "Obetror" {vamp, rPois rC+ MP+9, unknown}
   (You found it in an ice cave)

   It inflicts no extra harm, but heals its wielder when it wounds a living foe.
   It protects you from cold.
   It protects you from poison.
   It affects your magic capacity (+9).
 n - a +3 dire flail of holy wrath
 y - a +0 giant spiked club
 A - the +8 mace of Objectivity (weapon) {crush, Str+7}
   (You found it on level 4 of the Dungeon)

   It inflicts extra damage upon your enemies.
   It affects your strength (+7).
 N - a +1 antimagic flail
 S - a +4 dire flail of crushing
 W - a +5 antimagic morningstar
Missiles
 Q - 9 large rocks (quivered)
Armour
 O - a +2 large shield of fire resistance (worn)
 P - a +1 cloak (worn)
 T - a +2 robe of magic resistance
 V - +0 swamp dragon scales (worn)
Jewellery
 e - a +2 ring of intelligence {unknown}
 f - a ring of protection from cold (left hand)
 z - a ring of see invisible (right hand)
 L - an uncursed ring of poison resistance
Wands
 k - a wand of iceblast (12/15)
 M - a wand of teleportation (4/9)
Scrolls
 h - 6 scrolls of magic mapping
 t - 4 scrolls of enchant weapon
 B - a scroll of brand weapon {unknown}
 G - 4 scrolls of remove curse
 J - a scroll of recharging
 K - a scroll of enchant armour
 Y - a scroll of identify
 Z - a scroll of teleportation
Potions
 g - 3 potions of might
 i - 4 potions of berserk rage
 l - a potion of haste
 m - 2 potions of agility {unknown}
 o - 3 potions of degeneration {unknown}
 p - a potion of magic {unknown}
 q - 4 potions of flight {unknown}
 r - 4 potions of mutation {unknown}
 w - a potion of cure mutation {unknown}
 C - 3 potions of heal wounds {unknown}
 D - 2 potions of cancellation {unknown}
 H - 6 potions of curing
 R - a potion of ambrosia {unknown}
 U - a potion of resistance {unknown}
 X - 3 potions of brilliance {unknown}
Books
 d - a book of Cantrips

   Spells                             Type                      Level
   a - Confusing Touch                Hexes                        1
   b - Animate Skeleton               Necromancy                   1
   c - Summon Small Mammal            Summoning                    1
   d - Apportation                    Translocation                1
   Trog disapproves of the use of such an item.
Comestibles
 b - 13 chunks of flesh
 c - 6 bread rations
 j - 3 meat rations
 v - 7 beef jerkies
 x - 28 fruits
 E - 4 slices of pizza
 I - 10 royal jellies


   Skills:
 + Level 14.5 Fighting
 + Level 16.5 Maces & Flails
 + Level 2.5 Armour
 + Level 10.5 Dodging
 + Level 5.3 Stealth
 + Level 11.8 Shields


You had 13 spell levels left.
You didn't know any spells.

Dungeon Overview and Level Annotations

Branches:
Dungeon (11/15)            Temple (0/1) D:5            Lair (3/6) D:8
  Swamp (1/4) Lair:2          Orc (2/2) D:11            Elf (0/3) Orc:2
  Snake: Lair:2-4    Spider: Lair:2-4

Altars:
Cheibriados
Elyvilon
Fedhas
Gozag
Hepliaklqana
Kikubaaqudgha
Ru
Yredelemnul
Zin
Beogh

Shops:
D:4 !   D:8 (!(   D:9 *   Orc:2 :[([


Innate Abilities, Weirdness & Mutations

You are too large for most types of armour.
You have tough skin. (AC +1)
You are partially covered in icy blue scales. (AC +2)
You are partially covered in rugged brown scales. (AC +1, +3% HP)
You tend to lose your temper in combat.
You can translocate small distances at will.
Your body often deteriorates upon taking damage.
You have an increased reservoir of magic. (+10% MP)
You are robust. (+10% HP)


Message History

You feel strangely unstable.
The electric eel shoots out a bolt of lightning at you!
The bolt of electricity hits you!
* * * LOW HITPOINT WARNING * * *
The bolt of electricity hits you!
* * * LOW HITPOINT WARNING * * *
Okay, then.
Your skin crawls.
You feel resistant to hostile enchantments.
You are feeling hungry.
The electric eel shoots out a bolt of lightning at you!
The bolt of electricity misses you. The bolt of electricity hits you!
* * * LOW HITPOINT WARNING * * *
The electric eel shoots out a bolt of lightning at you!
The bolt of electricity hits the electric eel.
The electric eel completely resists.
The bolt of electricity hits you!
* * * LOW HITPOINT WARNING * * *
The electric eel shoots out a bolt of lightning at you!
The bolt of electricity hits you!
You die...

# #.# ..# .# ##.## P.. ##
#..P# ##.# ######..## P.#
..##.#...## ###.#
..........#####..%#######
####.......P##.....#....##
............>............♣
.##......#......@.≈#≈≈.♣♣♣
.#.#....###.##...;;PPP≈P≈♣
...##....#..##...≈≈≈≈≈≈P≈≈≈
...##.###...##P..≈≈;≈P≈≈≈P≈
....####....###...≈≈≈≈P≈≈≈≈
....# #....# #....≈≈≈≈≈≈≈≈
....###.#.... #....P≈≈≈≈≈≈≈
..###..##.... ...≈P≈≈≈≈≈≈
...#... ....P≈≈≈≈P≈


You could see 3 electric eels.

Vanquished Creatures
  An orc warlord (Orc:2)
  A reaper (IceCv)
  A hydra (D:8)
  4 alligators (Swamp:1)
  A hell hog (Volcano)
  2 orc high priests
  The ghost of Atlantean the Blocker, a novice GrFi of Okawaru (D:10)
  Sonja (Orc:2)
  Nergalle (Orc:1)
  3 swamp dragons (Swamp:1)
  Pikel (D:8)
  3 hill giants
  2 oklob plants (D:8)
  3 orc sorcerers (Orc:2)
  3 manticores (D:11)
  3 orc knights
  An ugly thing (D:9)
  A cyclops (Orc:2)
  Psyche (D:8)
  Joseph (D:8)
  2 black mambas
  2 ice statues (IceCv)
  11 spiny frogs
  A rime drake (Lair:2)
  10 ice devils (IceCv)
  3 komodo dragons
  8 trolls
  3 tyrant leeches (Swamp:1)
  3 two-headed ogres (Volcano)
  3 slime creatures (Swamp:1)
  A hornet (D:9)
  6 hippogriffs
  A bog body (Swamp:1)
  A shadow (D:10)
  21 yaks
  3 wyverns
  A basilisk (Lair:3)
  2 fire bats (Volcano)
  2 hungry ghosts (D:9)
  Grum (D:11)
  8 vampire mosquitoes
  A mottled dragon (D:9)
  6 swamp worms
  3 wargs (D:8)
  4 insubstantial wisps (Swamp:1)
  A hell hound (Volcano)
  A soldier ant (D:10)
  8 water moccasins
  8 porcupines
  3 sky beasts
  An ice beast (D:6)
  3 necrophages
  2 phantoms
  31 orc warriors
  11 ogres
  2 eyes of draining
  A black bear (D:9)
  8 wolves
  4 crocodiles
  13 centaurs
  A big kobold (D:10)
  8 bullfrogs
  A gnoll sergeant (D:5)
  A wyvern skeleton (D:10)
  4 scorpions
  3 killer bees (D:11)
  7 wights
  4 howler monkeys (D:9)
  2 crimson imps
  A bullfrog zombie (D:11)
  25 orc priests
  5 bullfrog skeletons
  3 hounds
  7 jellies
  Crazy Yiuf (D:4)
  A centaur skeleton (D:5)
  A gnoll shaman (D:5)
  3 iguanas
  30 orc wizards
  5 worker ants
  A hound zombie (D:5)
  A hound skeleton (D:4)
  A worker ant zombie (D:10)
  10 gnolls (D:5)
  8 adders
  6 shadow imps
  9 white imps (IceCv)
  4 ufetubi (IceCv)
  5 oozes (D:8)
  18 worms
  A dart slug (D:1)
  4 leopard geckos
  128 orcs
  4 ball pythons
  8 bats
  2 giant cockroaches
  12 goblins
  5 hobgoblins
  3 jackals (D:7)
  8 kobolds
  4 quokkas
  5 frilled lizards
  A jackal skeleton (D:7)
  A leopard gecko skeleton (D:8)
  6 rats
  A plant (Lair:3)
608 creatures vanquished.

Vanquished Creatures (others)
  A two-headed ogre (Volcano)
  A slave (D:8)
  A crimson imp (D:8)
  A worker ant (D:8)
  3 white imps (IceCv)
  4 ufetubi (IceCv)
  An orc (D:8)
  2 fungi (D:4)
  3 plants (Lair:3)
17 creatures vanquished.

Grand Total: 625 creatures vanquished

Notes
Turn   | Place    | Note
-------+----------+-------------------------------------------
     0 | D:1      | galech the Ogre Berserker began the quest for the Orb.
     0 | D:1      | Reached XP level 1. HP: 24/24 MP: 1/1
   176 | D:1      | Reached XP level 2. HP: 27/32 MP: 2/2
   479 | D:1      | Reached XP level 3. HP: 20/39 MP: 3/3
  1369 | D:2      | Found a hazy altar of Hepliaklqana.
  1457 | D:2      | Found a white marble altar of Elyvilon.
  1457 | D:2      | Found a sacrificial altar of Ru.
  2169 | D:3      | Found an ancient bone altar of Kikubaaqudgha.
  2169 | D:3      | Found a blossoming altar of Fedhas.
  2197 | D:3      | Reached skill level 5 in Maces & Flails
  2197 | D:3      | Reached XP level 4. HP: 19/49 MP: 4/4
  3171 | D:3      | Reached ** piety under Trog
  3718 | D:4      | Found Gerhul's Distillery.
  3947 | D:4      | Noticed an ogre
  3955 | D:4      | Killed an ogre
  3955 | D:4      | Reached skill level 5 in Fighting
  3955 | D:4      | Reached XP level 5. HP: 56/57 MP: 5/5
  4073 | D:4      | Reached skill level 6 in Maces & Flails
  4094 | D:4      | Found a runed door.
  4099 | D:4      | Noticed Crazy Yiuf
  4103 | D:4      | Killed Crazy Yiuf
  4103 | D:4      | Reached XP level 6. HP: 39/66 MP: 6/6
  4109 | D:4      | Got a pitted mace
  4110 | D:4      | Identified the +8 mace of Objectivity {crush, Str+7} (You found it on level 4 of the Dungeon)
  4443 | D:5      | Entered Level 5 of the Dungeon
  4877 | D:5      | Reached skill level 7 in Maces & Flails
  4877 | D:5      | Reached skill level 1 in Stealth
  4877 | D:5      | Reached XP level 7. HP: 72/74 MP: 7/7
  4896 | D:5      | Found a staircase to the Ecumenical Temple.
  5542 | D:6      | Reached skill level 8 in Maces & Flails
  5555 | D:6      | Reached XP level 8. HP: 43/84 MP: 8/8
  5601 | D:6      | Reached skill level 9 in Maces & Flails
  5601 | D:6      | Reached skill level 1 in Shields
  5872 | D:5      | Gained mutation: You can translocate small distances at will. [mutagenic meat]
  6116 | D:5      | Reached skill level 5 in Dodging
  6564 | D:5      | Reached skill level 10 in Maces & Flails
  6644 | D:6      | Noticed a hippogriff
  6663 | D:6      | Killed a hippogriff
  6663 | D:6      | Reached XP level 9. HP: 31/96 MP: 9/9
  6716 | D:5      | Gained mutation: You have sharp toenails. [mutagenic meat]
  6717 | D:5      | Gained mutation: You are partially covered in icy blue scales. (AC +2) [mutagenic meat]
  6718 | D:5      | Gained mutation: You are robust. (+10% HP) [mutagenic meat]
  7051 | D:6      | Found a basalt altar of Yredelemnul.
  7059 | D:6      | Reached *** piety under Trog
  7479 | D:7      | Reached skill level 11 in Maces & Flails
  8017 | D:7      | Found an opulent altar of Gozag.
  8228 | D:8      | Found Juqibleg's Antique Weapon Emporium.
  8269 | D:8      | Found a snail-covered altar of Cheibriados.
  8382 | D:8      | Reached skill level 12 in Maces & Flails
  8470 | D:8      | Reached XP level 10. HP: 98/117 MP: 10/10
  8511 | D:8      | Found a staircase to the Lair.
  8574 | D:8      | Found a blossoming altar of Fedhas.
  8577 | D:8      | Noticed an oklob plant
  8577 | D:8      | Noticed an oklob plant
  8599 | D:8      | Noticed Joseph
  8608 | D:8      | Killed Joseph
  8773 | D:8      | Reached **** piety under Trog
  8884 | D:8      | Found Toudib's Distillery.
  8905 | D:8      | Noticed Pikel
  8907 | D:8      | Noticed Psyche
  8922 | D:8      | Killed Pikel
  8922 | D:8      | Reached skill level 10 in Fighting
  8922 | D:8      | Reached skill level 13 in Maces & Flails
  8928 | D:8      | Killed Psyche
  8949 | D:8      | Found Cuttot's Antique Weapon Emporium.
  9215 | D:8      | Killed an oklob plant
  9215 | D:8      | Reached skill level 5 in Shields
  9534 | D:8      | Killed an oklob plant
 10013 | D:9      | Found Zin's Purification Station.
 10017 | D:9      | Found a glowing silver altar of Zin.
 10081 | D:9      | Noticed a cyan ugly thing
 10088 | D:9      | Killed a cyan ugly thing
 10088 | D:9      | Reached XP level 11. HP: 130/130 MP: 11/11
 10092 | D:9      | Gained mutation: You have an increased reservoir of magic. (+10% MP) [mutagenic meat]
 10559 | D:9      | Found a snail-covered altar of Cheibriados.
 10668 | D:9      | Reached skill level 14 in Maces & Flails
 10682 | D:9      | Paralysed by a hornet for 3 turns
 11060 | Lair:1   | Entered Level 1 of the Lair of Beasts
 11635 | Lair:1   | Noticed a six-headed hydra
 11735 | D:8      | Killed a six-headed hydra
 12200 | D:10     | Entered Level 10 of the Dungeon
 12300 | D:10     | Received a gift from Trog
 12405 | D:10     | Gained mutation: Armour fits poorly on your strangely shaped body. [mutagenic meat]
 12406 | D:10     | Gained mutation: Your body sometimes deteriorates upon taking damage. [mutagenic meat]
 12407 | D:10     | Lost mutation: You have sharp toenails. [mutagenic meat]
 12408 | D:10     | Lost mutation: Armour fits poorly on your strangely shaped body. [mutagenic meat]
 12409 | D:10     | Gained mutation: You tend to lose your temper in combat. [mutagenic meat]
 12410 | D:10     | Gained mutation: You are partially covered in rugged brown scales. (AC +1, +3% HP) [mutagenic meat]
 12494 | D:10     | Reached XP level 12. HP: 89/149 MP: 13/13
 12751 | D:10     | Noticed Atlantean's ghost (novice GrFi)
 12759 | D:10     | Killed Atlantean's ghost
 12759 | D:10     | Reached skill level 15 in Maces & Flails
 13590 | D:11     | Reached ***** piety under Trog
 13626 | D:11     | Found a staircase to the Orcish Mines.
 13638 | D:11     | Noticed Grum
 13652 | D:11     | Killed Grum
 13953 | D:11     | Received a gift from Trog
 14471 | Orc:1    | Entered Level 1 of the Orcish Mines
 14610 | Orc:1    | Noticed Nergalle
 14618 | Orc:1    | Killed Nergalle
 14878 | Orc:1    | Reached XP level 13. HP: 162/162 MP: 14/14
 15040 | Orc:1    | Found a roughly hewn altar of Beogh.
 15973 | Orc:2    | Entered Level 2 of the Orcish Mines
 15979 | Orc:2    | Found a dark tunnel.
 15992 | Orc:2    | Reached ****** piety under Trog
 16003 | Volcano  | Entered a volcano
 16485 | Orc:2    | Found a roughly hewn altar of Beogh.
 16488 | Orc:2    | Received a gift from Trog
 16526 | Orc:2    | Found a roughly hewn altar of Beogh.
 16542 | Orc:2    | Found a staircase to the Elven Halls.
 16660 | Orc:2    | Noticed an orc warlord
 16693 | Orc:2    | Killed an orc warlord
 16713 | Orc:2    | Reached skill level 5 in Stealth
 17038 | Orc:2    | Found Zotowean's Antique Weapon Shop.
 17054 | Orc:2    | Found Hiec's Antique Armour Boutique.
 17055 | Orc:2    | Found a roughly hewn altar of Beogh.
 17130 | Orc:2    | Found a roughly hewn altar of Beogh.
 17150 | Orc:2    | Noticed Sonja
 17158 | Orc:2    | Killed Sonja
 17158 | Orc:2    | Reached skill level 16 in Maces & Flails
 17225 | Orc:2    | Found a roughly hewn altar of Beogh.
 17226 | Orc:2    | Found Dohipuj's Book Shop.
 17239 | Orc:2    | Gained mutation: Your body often deteriorates upon taking damage. [a neqoxec]
 17243 | Orc:2    | Reached skill level 10 in Shields
 17358 | Orc:2    | Received a gift from Trog
 17462 | Orc:2    | Found a roughly hewn altar of Beogh.
 17759 | Orc:2    | Found a roughly hewn altar of Beogh.
 17761 | Orc:2    | Found Ytittor's Antique Armour Emporium.
 18477 | Lair:2   | Reached skill level 10 in Dodging
 18527 | Lair:2   | Found a staircase to the Swamp.
 18672 | Swamp:1  | Entered Level 1 of the Swamp
 19051 | Swamp:1  | Reached XP level 14. HP: 133/176 MP: 15/15
 19764 | Swamp:1  | Reached skill level 1 in Armour
 19767 | Swamp:1  | Received a gift from Trog
 20514 | Lair:3   | Found a frozen archway.
 20721 | IceCv    | Entered an ice cave
 20934 | IceCv    | Noticed a reaper
 20953 | IceCv    | Killed a reaper
 21222 | IceCv    | Got an encrusted demon whip
 21983 | Lair:3   | HP: 5/177 [electric eel/bolt of electricity (12)]
 21983 | Lair:3   | Killed from afar by an electric eel

Skill      XL: |  1  2  3  4  5  6  7  8  9 10 11 12 13 14 |
---------------+-------------------------------------------+-----
Dodging        | 3 4 5 6 7 8 10 | 10.5
Maces & Flails | 5 6 7 8 10 12 13 14 15 16 | 16.5
Fighting       | 5 6 8 9 10 12 13 14 | 14.5
Stealth        | 1 2 3 4 5 |  5.3
Shields        | 2 3 5 6 8 10 11 | 11.8
Armour         | 2 |  2.5

Action                   |  1- 3 |  4- 6 |  7- 9 | 10-12 | 13-15 || total
-------------------------+-------+-------+-------+-------+-------++-------
Melee: Mace              |   146 |   105 |   188 |   615 |   790 ||  1844
       Giant spiked club |       |     5 |       |       |       ||     5
       Kick              |       |       |    23 |    93 |       ||   116
Invok: Berserk           |       |     2 |     3 |     4 |     4 ||    13
       Trog's Hand       |       |     1 |     2 |     1 |     4 ||     8
  Use: Potion            |     2 |       |     1 |       |       ||     3
       Scroll            |       |       |     8 |     5 |     6 ||    19
 Stab: Sleeping          |       |       |     2 |     8 |     4 ||    14
       Distracted        |       |       |       |       |     1 ||     1
  Eat: Chunk             |     4 |     7 |    14 |    27 |    20 ||    72
       Bread ration      |       |     1 |     1 |       |     2 ||     4
       Meat ration       |       |       |       |     1 |       ||     1
Armor: Animal skin       |    46 |    31 |    28 |    13 |       ||   118
       Robe              |       |       |       |    61 |    46 ||   107
       Swamp dragon scal |       |       |       |       |    51 ||    51
Dodge: Dodged            |    78 |    61 |    70 |   104 |   173 ||   486
Block: Shield            |       |       |    81 |    70 |       ||   151
       Large shield      |       |       |       |   267 |   707 ||   974
